 Dungeon Crawl Stone Soup version 0.23.2-40-g277498a001 (webtiles) character file.

Game seed: 3895934086421457894

187 Exodus22XD the Covered (level 5, 0/49 HPs)
             Began as a Deep Dwarf Fighter on Aug 20, 2019.
             Slain by Menkaure (10 damage)
             ... on level 4 of the Dungeon.
             The game lasted 00:06:29 (1219 turns).

Exodus22XD the Covered (Deep Dwarf Fighter)         Turns: 1219, Time: 00:06:30

Health: 0/49       AC:  7    Str: 21    XL:     5   Next: 39%
Magic:  3/3        EV:  8    Int:  8    God:
Gold:   154        SH:  9    Dex: 12    Spells: 4/4 levels left

rFire    . . .     SeeInvis +   a - +0 war axe
rCold    . . .     Gourm    .   c - +0 shield
rNeg     . . .     Faith    .   b - +0 scale mail
rPois    .         Spirit   .   (no helmet)
rElec    .         Reflect  .   (no cloak)
rCorr    .         Harm     .   (no gloves)
MR       .....                  (no boots)
Stlth    ..........             (no amulet)
HPRegen  0.00/turn              l - ring of see invisible
MPRegen  0.08/turn              (no ring)

@: non-regenerating
A: damage resistance, heal wounds, sense surroundings 1, no regeneration
a: Heal Wounds


You were on level 4 of the Dungeon.
You were not hungry.

You visited 1 branch of the dungeon, and saw 4 of its levels.

You collected 154 gold pieces.

Inventory:

Hand Weapons
 a - a +0 war axe (weapon)
Armour
 b - a +0 scale mail (worn)
 c - a +0 shield (worn)
Jewellery
 l - a ring of see invisible (left hand)
 r - an uncursed ring of ice {unknown}
Scrolls
 e - 3 scrolls of remove curse
 g - 5 scrolls of identify {unknown}
 i - a scroll of immolation {unknown}
 j - a scroll of amnesia {unknown}
 m - a scroll of noise {unknown}
 n - a scroll of random uselessness {unknown}
 o - 3 scrolls of teleportation {unknown}
 q - 2 scrolls of fear {unknown}
Potions
 d - a potion of might
 h - 4 potions of lignification {unknown}
 k - 2 potions of cancellation {unknown}
 p - 5 potions of curing {unknown}
 s - a potion of agility {unknown}
 t - a potion of haste {unknown}
 u - a potion of mutation {unknown}
Comestibles
 f - 6 rations


   Skills:
 + Level 3.4 Fighting
 + Level 3.9 Axes
 + Level 4.3 Armour
 + Level 1.0 Dodging
 + Level 4.2 Shields


You had 4 spell levels left.
You didn't know any spells.
Your spell library was empty.

Dungeon Overview and Level Annotations

Branches:
Dungeon (4/15)
 Temple: D:4-7

Altars:
Hepliaklqana
Vehumet
The Shining One

Annotations:
D:4 Menkaure


Innate Abilities, Weirdness & Mutations

You are resistant to damage.
You can heal yourself by infusing magical energy.
You passively map a small area around you.
You do not regenerate.


Message History

Menkaure closely misses you.
You slash Menkaure!
Menkaure is moderately damaged.
You block Menkaure's attack.
You hit Menkaure.
Menkaure is heavily damaged.
Menkaure calls on the powers of darkness!
Your body is wracked with pain!
Menkaure hits you!
You are too injured to fight recklessly!
You are too injured to fight recklessly!
You are too injured to fight recklessly!
You are too injured to fight recklessly!
You are too injured to fight recklessly!
You hit Menkaure.
Menkaure is severely damaged.
Menkaure calls on the powers of darkness!
Your body is wracked with pain!
* * * LOW HITPOINT WARNING * * *
Menkaure hits you!
You die...

* * * #.#,
#.# , ,, *.#
#.# , ### #.#
#.# , ..# #.#
#.# ..# #.#
#.# ..# #.#
#M# *
..####.# #@#
.....#.#
###.#
.....>.#
#...# * * **
####.#.#
#.### ≈
#.#.#######.#
, *
#.#.........#
#.###########
* * #.. , , *
≈ ≈* ### * *


You could see Menkaure.

Vanquished Creatures
  A centaur (D:4)
  5 adders
  An ooze (D:1)
  A leopard gecko (D:3)
  4 orcs (D:3)
  2 bats
  4 giant cockroaches
  4 goblins
  6 hobgoblins
  4 jackals
  9 kobolds
  A quokka (D:2)
  A frilled lizard (D:3)
  5 rats
48 creatures vanquished.

Notes
Turn   | Place    | Note
-------+----------+-------------------------------------------
     0 | D:1      | Exodus22XD the Deep Dwarf Fighter began the quest for the
                  | Orb.
     0 | D:1      | Reached XP level 1. HP: 20/20 MP: 1/1
   111 | D:1      | Reached XP level 2. HP: 24/27 MP: 2/2
   364 | D:2      | Reached XP level 3. HP: 26/34 MP: 3/3
   570 | D:3      | Found a radiant altar of Vehumet.
   643 | D:3      | Reached XP level 4. HP: 35/42 MP: 3/3
  1015 | D:4      | Found a hazy altar of Hepliaklqana.
  1080 | D:4      | Noticed a centaur
  1097 | D:4      | Killed a centaur
  1097 | D:4      | Reached skill level 1 in Dodging
  1097 | D:4      | Reached XP level 5. HP: 6/49 MP: 4/4
  1118 | D:4      | Found a glowing golden altar of the Shining One.
  1214 | D:4      | Noticed Menkaure
  1219 | D:4      | Slain by Menkaure

Skill      XL: |  1  2  3  4 |
---------------+-------------+-----
Fighting       | 3 |  3.4
Axes           | 3 |  3.9
Shields        | 4 |  4.2
Armour         | 4 |  4.3
Dodging        | 1 |  1.0

Action                   |  1- 3 |  4- 6 || total
-------------------------+-------+-------++-------
Melee: War axe           |   115 |    45 ||   160
 Abil: Heal Wounds       |     1 |     2 ||     3
  Use: Scroll            |     1 |       ||     1
  Eat: Ration            |       |     1 ||     1
Armor: Scale mail        |    69 |    18 ||    87
Dodge: Dodged            |    48 |    12 ||    60
Block: Shield            |    75 |    30 ||   105
